 Dungeon Crawl Stone Soup version 0.15-a0-1880-g53e602b (webtiles) character file.

195219 Kenran the Bludgeoner (level 18, -14/137 HPs)
             Began as a Gargoyle Fighter on July 5, 2014.
             Was the Champion of Makhleb.
             Killed from afar by a merfolk aquamancer (18 damage)
             ... with a great wave of water
             ... on Level 3 of the Shoals.
             The game lasted 02:33:50 (35528 turns).

Kenran the Bludgeoner (Gargoyle Fighter)           Turns: 35528, Time: 02:33:51

HP -14/137       AC 51     Str 24      XL: 18   Next: 33%
MP  31/31        EV  7     Int 11      God: Makhleb [******]
Gold 3316        SH  0     Dex 11      Spells:  0 memorised, 17 levels left

rFire  . . .     SeeInvis +     M - +4 eveningstar of Agony {crush, MR+}
rCold  + + .     Clarity  .     t - +10 plate armour {rC+}
rNeg   + . .     rCorr    .     (no shield)
rPois  +         rRot     +     W - +2 hat {MR+}
rElec  +         Spirit   .     R - +2 cloak
SustAb .         Warding  .     m - +2 pair of gloves
rMut   .         Stasis   .     V - +0 pair of boots {Stlth+}
Gourm  .                        (no amulet)
MR     +++..                    a - ring of protection from cold
                                r - ring of see invisible

@: flying, invisible, extremely resistant to hostile enchantments, extremely
unstealthy
A: able to fly continuously, antennae 1, big wings, thin skeletal structure 1,
negative energy resistance 1, robust 1, electricity resistance, weak 1,
unbreathing, petrification resistance, rot immunity, AC +13
a: Stop Flying, Minor Destruction, Lesser Servant of Makhleb, Major Destruction,
Greater Servant of Makhleb, Renounce Religion
}: 1/15 runes: gossamer


You were on level 3 of the Shoals.
You worshipped Makhleb.
Makhleb was exalted by your worship.
You were not hungry.

You visited 6 branches of the dungeon, and saw 36 of its levels.
You also visited: Labyrinth and Ossuary.

You collected 3316 gold pieces.

Inventory:

Hand weapons
 o - a +0 great mace
 M - the +4 eveningstar of Agony (weapon) {crush, MR+}
   (You acquired it on level 1 of the Lair of Beasts)

   It inflicts extra damage upon your enemies.
   It affects your resistance to hostile enchantments.
Armour
 m - a +2 pair of gloves (worn)
 t - a +10 plate armour of cold resistance (worn)
 G - a +1 hat of see invisible
 R - a +2 cloak (worn)
 V - a +0 pair of boots of stealth (worn)
 W - a +2 hat of magic resistance (worn)
Magical devices
 D - a wand of digging (9)
 H - a wand of cold (9) {unknown}
 P - a wand of paralysis (7)
Comestibles
 d - 10 bread rations
 I - 10 meat rations
 N - a beef jerky
 Y - a slice of pizza
Scrolls
 b - 10 scrolls of teleportation
 f - 8 scrolls of identify
 g - 3 scrolls of remove curse
 j - 3 scrolls of magic mapping
 n - 6 scrolls of fog
 s - a scroll of summoning
 A - 6 scrolls of enchant weapon
 E - 2 scrolls of holy word
 F - 4 scrolls of recharging
 K - 3 scrolls of fear
 O - a scroll of silence
 S - a scroll of amnesia
Jewellery
 a - a ring of protection from cold (right hand)
 r - a ring of see invisible (left hand)
 w - an uncursed amulet of resist corrosion
 X - an uncursed ring of protection from magic
Potions
 e - 7 potions of might
 h - 3 potions of curing
 k - 5 potions of agility
 l - 2 potions of cure mutation
 x - 5 potions of restore abilities
 z - a potion of haste
 C - 3 potions of magic
 L - a potion of resistance
 Q - a potion of decay
Books
 c - a book of the Warp

   Spells                             Type                      Level
   Control Teleport                   Charms/Translocation         4
   Phase Shift                        Translocation                5
   Warp Weapon                        Charms/Translocation         5
   Dispersal                          Translocation                6
   Controlled Blink                   Translocation                7
   Disjunction                        Translocation                8


   Skills:
 + Level 18.2 Fighting
 - Level 20.0 Maces & Flails
 * Level 16.2 Armour
   Level 3.2 Shields
 - Level 10.1 Invocations


You had 17 spell levels left.
You didn't know any spells.

Dungeon Overview and Level Annotations

Branches:
Dungeon (15/15)            Temple (1/1) D:5             Orc (4/4) D:12
    Elf (0/3) Orc:3          Lair (8/8) D:9          Shoals (3/5) Lair:4
 Spider (5/5) Lair:4        Slime (0/6) Lair:6       Vaults (0/5) D:14
 Depths (0/5) D:15

Altars:
Ashenzari
Cheibriados
Dithmenos
Elyvilon
Fedhas
Gozag
Kikubaaqudgha
Makhleb
Nemelex Xobeh
Okawaru
Qazlal
Sif Muna
Trog
Vehumet
Xom
Yredelemnul
Zin
The Shining One
Beogh
Jiyva

Shops:
D:4 *   D:8 =   Orc:4 (*=[   Shoals:1 (

Annotations:
D:5 ketsa's ghost, experienced FoFi
D:14 Rupert


Innate Abilities, Weirdness & Mutations

You are resistant to torment.
You are immune to poison.
You can fly continuously.
Your stone body is very resilient (AC +13).
Your wings are large and strong.
You resist negative energy.
You are resistant to electric shocks.
You can survive without breathing.
You are immune to petrification.
You are immune to rotting.
You have a pair of small antennae on your head.
You have a somewhat thin skeletal structure (Dex +2, Stealth).
You are robust (+10% HP).
You are weak. (Str -2)


Message History

The merfolk aquamancer gestures at you while chanting.
The shard of ice hits you! You partially resist.
* * * LOW HITPOINT WARNING * * *
Drink which item? (? for menu, Esc to quit)
Okay, then.
Drink which item? (? for menu, Esc to quit)
Okay, then.
Read which item? (? for menu, Esc to quit)
Okay, then.
Use which ability? (? or * to list)
Okay, then.
Use which ability? (? or * to list)
Okay, then.
Read which item? (? for menu, Esc to quit)
Okay, then.
Drink which item? (? for menu, Esc to quit)
You fade into invisibility!
The merfolk aquamancer gestures at you while chanting.
The great wave of water hits you!
You die...

≈≈≈≈≈≈≈≈≈≈≈≈≈≈≈≈PP≈PP≈PPP≈≈≈
≈≈≈≈≈≈≈≈≈≈..#...#.P≈≈PPPPP≈≈
≈≈≈≈≈≈≈≈≈...##..##.≈.≈PPPP≈≈
≈≈≈≈≈≈≈≈≈≈.......≈..≈≈PP≈≈≈
≈≈≈≈≈≈≈≈≈≈≈....≈..≈≈P≈PP≈≈
≈≈≈≈≈≈≈≈≈≈≈≈≈...PP≈≈≈≈≈≈≈
≈≈≈≈≈≈≈≈≈≈≈≈≈..≈..≈≈P≈≈≈≈
≈≈≈≈≈≈≈≈≈..≈≈.≈≈≈≈≈≈≈≈≈≈P
≈≈≈≈≈≈≈≈@.≈≈≈...P≈≈≈≈≈≈≈≈
≈≈≈≈≈≈≈≈.≈≈≈..#..≈≈≈P≈≈≈≈
≈≈≈≈≈≈≈≈≈.≈.####≈≈≈≈≈≈≈≈≈
≈≈≈≈≈≈≈≈≈≈≈..##.≈≈≈≈≈≈≈≈≈
≈≈≈≈≈≈≈E≈≈.....≈≈≈≈≈≈≈≈≈
≈≈≈≈≈≈≈≈m≈≈...≈≈≈≈≈≈≈≈≈≈
≈≈≈≈≈≈≈≈≈≈≈≈≈≈≈≈≈≈≈≈≈≈≈≈
≈≈≈≈≈≈≈≈≈≈≈≈≈ ≈≈≈
≈≈≈≈≈≈≈≈≈≈≈


You could see a merfolk aquamancer and a water elemental.

Vanquished Creatures
  Norris (D:14)
  2 sphinxes (Shoals:1)
  The ghost of haldagan the Peltast, a mighty FoFi of Ashenzari (Spider:4)
  Kirke (Shoals:1)
  Donald (D:14)
  4 ghost moths
  Louise (Spider:2)
  Gastronok (Orc:3)
  3 emperor scorpions (Spider:5)
  An orc warlord (Orc:3)
  A stone giant (Orc:1)
  A rakshasa (D:13)
  The ghost of Kenran the Black Belt, a powerful GrMo of Makhleb (Lair:8)
  Snorg (Orc:4)
  A blizzard demon (Spider:4)
  A siren (Shoals:1)
  Josephine (D:15)
  2 fire dragons
  A merfolk impaler (Shoals:2)
  13 hydras
  Erica (D:12)
  2 tengu warriors (D:14)
  An orc high priest (Orc:3)
  An ogre mage (D:15)
  Urug (D:13)
  3 centaur warriors
  Erolcha (D:9)
  An unseen horror (D:11)
  4 sea snakes
  19 orb spiders
  4 orc knights (Orc:4)
  3 wizards
  2 deep elf conjurers (D:15)
  6 hill giants
  5 cyclopes
  3 fauns (Shoals:1)
  28 wolf spiders
  3 orc sorcerers
  A lindwurm (Shoals:1)
  7 griffons
  5 harpies (Shoals:3)
  10 elephants
  7 red wasps
  2 mermaids (Shoals:1)
  A moth of wrath (Spider:3)
  5 torpor snails
  9 manticores
  Psyche (D:11)
  8 komodo dragons
  7 black mambas
  An item mimic (Spider:1)
  A gargoyle (D:8)
  A naga mage (D:15)
  4 demonic crawlers
  A hellwing (D:12)
  5 fire drakes
  12 spiny frogs
  A kobold demonologist (D:12)
  13 merfolk
  A tengu conjurer (D:12)
  A hydra zombie (D:15)
  2 queen bees
  A jumping spider (shapeshifter) (D:12)
  4 trolls
  2 centaur skeletons
  5 slime creatures
  31 jumping spiders
  2 wind drakes
  3 snapping turtles
  3 two-headed ogres (D:15)
  2 ravens (D:14)
  2 griffon zombies
  A wolf spider simulacrum (D:14)
  4 boulder beetles
  A formicid (shapeshifter) (D:12)
  A fire dragon zombie (D:15)
  8 basilisks
  A shapeshifter (D:15)
  24 blink frogs
  A vampire (D:13)
  A water elemental (Shoals:2)
  25 trapdoor spiders
  4 sharks (Lair:4)
  A hill giant zombie (D:12)
  62 redbacks
  2 hungry ghosts
  34 tarantellas
  A wraith (D:15)
  5 ugly things
  67 yaks
  6 wolves (Lair:3)
  2 deep elf magi
  20 humans
  A centaur simulacrum (D:15)
  A shadow (D:11)
  5 vampire mosquitoes
  4 wyverns
  11 hippogriffs
  5 hogs (Shoals:1)
  4 wargs
  Edmund (D:4)
  2 deep elf fighters
  2 mottled dragons
  14 porcupines
  2 sky beasts
  38 spiders
  3 yellow wasps
  9 ice beasts
  6 phantoms
  12 water moccasins
  A griffon simulacrum (D:14)
  2 black bears
  A boggart (D:12)
  11 ogres
  The ghost of Archteshnor the Cutter, an average HuCK of Xom (D:3)
  23 orc warriors
  A manticore skeleton (D:13)
  15 crocodiles
  15 centaurs
  5 boring beetles
  A cyclops zombie (D:14)
  3 elf zombies (Ossuary)
  13 giant frogs
  A big kobold (D:11)
  A wyvern skeleton (D:6)
  9 scorpions
  54 killer bees
  2 cyclops skeletons (D:15)
  3 eyes of draining (D:12)
  3 wights (D:11)
  5 electric eels
  A troll skeleton (D:12)
  A quasit (D:13)
  6 crimson imps
  2 goliath beetles
  8 centaur zombies
  A goliath beetle (shapeshifter) (D:12)
  19 orc priests
  4 human zombies (Ossuary)
  21 hounds
  A giant frog skeleton (D:11)
  3 jellies
  7 iguanas
  23 orc wizards
  12 worker ants
  A killer bee zombie (D:7)
  An ogre zombie (Orc:4)
  A brain worm zombie (D:14)
  25 sheep
  A crocodile zombie (D:6)
  3 mummies (Ossuary)
  62 green rats
  26 adders
  2 giant mites
  An orc skeleton (D:5)
  A worm (D:4)
  An ooze (D:5)
  157 orcs
  A bat zombie (D:7)
  22 hobgoblins
  2 ball pythons
  19 bats
  5 giant cockroaches
  4 giant geckos
  6 giant newts
  15 goblins
  A goblin zombie (D:7)
  11 jackals
  16 kobolds
  2 orc zombies
  16 quokkas
  2 quokka zombies (D:7)
  16 rats
  A rat skeleton (D:4)
  A bush (Lair:7)
  4 fungi
  4 plants
1388 creatures vanquished.

Vanquished Creatures (collateral kills)
  2 hydras (D:13)
  2 rakshasas (D:13)
  A minotaur (Lab)
  A lindwurm (Shoals:1)
  A wolf spider (Spider:4)
  An orc sorcerer (Orc:4)
  A drowned soul (Shoals:1)
  A merfolk (Shoals:1)
  A warg (Orc:4)
  2 orc warriors (Orc:4)
  An orc (Orc:4)
14 creatures vanquished.

Vanquished Creatures (others)
  An Executioner (Orc:4)
  A balrug (Spider:5)
  2 drowned souls (Shoals:1)
  A fire drake (Lair:8)
  A tarantella (Spider:3)
  A trapdoor spider (Spider:5)
  An orc warrior (Orc:4)
  An orc (Orc:4)
  3 fungi
  2 plants
  5 tentacles (Shoals:3)
  85 tentacle segments (Shoals:3)
104 creatures vanquished.

Grand Total: 1506 creatures vanquished

Notes
Turn   | Place    | Note
--------------------------------------------------------------
     0 | D:1      | Kenran, the Gargoyle Fighter, began the quest for the Orb.
     0 | D:1      | Reached XP level 1. HP: 14/14 MP: 1/1
   487 | D:1      | Reached XP level 2. HP: 19/19 MP: 2/2
   982 | D:2      | Reached XP level 3. HP: 23/23 MP: 3/3
  1456 | D:2      | Reached skill level 4 in Maces & Flails
  1515 | D:3      | Reached XP level 4. HP: 28/28 MP: 4/4
  1584 | D:3      | Found a stormy altar of Qazlal.
  1669 | D:3      | Noticed Archteshnor's ghost (average HuCK)
  1842 | D:4      | Found a white marble altar of Elyvilon.
  1842 | D:4      | Found a radiant altar of Vehumet.
  1889 | D:4      | Found Gozag's Platinum Reserve.
  1987 | D:4      | Noticed a phantom
  2048 | D:4      | Killed a phantom
  2048 | D:4      | Reached skill level 5 in Maces & Flails
  2048 | D:4      | Reached XP level 5. HP: 18/32 MP: 5/5
  2171 | D:4      | Found a sparkling altar of Nemelex Xobeh.
  2200 | D:4      | Found an opulent altar of Gozag.
  2261 | D:4      | Noticed an ogre
  2344 | D:5      | Entered Level 5 of the Dungeon
  2344 | D:5      | Found a staircase to the Ecumenical Temple.
  2363 | D:5      | Noticed ketsa's ghost (experienced FoFi)
  2363 | D:5      | Reached skill level 6 in Maces & Flails
  2363 | D:5      | Reached XP level 6. HP: 30/37 MP: 6/6
  2365 | Temple   | Entered the Ecumenical Temple
  2541 | Temple   | Became a worshipper of Makhleb the Destroyer
  2788 | D:4      | Found a glowing golden altar of the Shining One.
  2821 | D:4      | Found a shadowy altar of Dithmenos.
  3030 | D:4      | Reached skill level 7 in Maces & Flails
  3185 | D:4      | Gained mutation: You have a somewhat thin skeletal structure (Dex +2, Stealth). [potion of beneficial mutation]
  3194 | D:4      | Killed an ogre
  3194 | D:4      | Reached XP level 7. HP: 41/41 MP: 7/7
  3315 | D:3      | Acquired Makhleb's first power
  3341 | D:3      | Gained mutation: You have a pair of small antennae on your head. [potion of beneficial mutation]
  3418 | D:3      | Found a shattered altar of Ashenzari.
  3510 | D:3      | Found a bloodstained altar of Trog.
  3510 | D:3      | Found an iron altar of Okawaru.
  3598 | D:3      | Killed Archteshnor's ghost
  3926 | D:5      | Reached skill level 8 in Maces & Flails
  4113 | D:5      | Noticed a phantom
  4146 | D:5      | Killed a phantom
  4596 | D:5      | Noticed a centaur
  4605 | D:5      | Noticed a phantom
  4607 | D:5      | Killed a centaur
  4624 | D:5      | Killed a phantom
  4624 | D:5      | Reached skill level 9 in Maces & Flails
  4624 | D:5      | Reached XP level 8. HP: 43/46 MP: 8/8
  4659 | D:5      | Noticed Edmund
  4723 | D:4      | Killed Edmund
  5026 | D:6      | Acquired Makhleb's second power
  5072 | D:6      | Found a stormy altar of Qazlal.
  5078 | D:6      | Reached skill level 10 in Maces & Flails
  5615 | D:7      | Found a sand-covered staircase.
  5632 | Ossuary  | Entered an ossuary
  5657 | Ossuary  | Reached skill level 11 in Maces & Flails
  5677 | Ossuary  | Reached XP level 9. HP: 51/51 MP: 9/9
  5986 | D:7      | Gained mutation: You are robust (+10% HP). [potion of beneficial mutation]
  6190 | D:7      | Reached skill level 12 in Maces & Flails
  6278 | D:7      | Acquired Makhleb's third power
  6494 | D:7      | Found an opulent altar of Gozag.
  7314 | D:8      | Found Enoithae's Jewellery Shop.
  7319 | D:8      | Reached skill level 5 in Fighting
  7367 | D:8      | Reached XP level 10. HP: 64/64 MP: 10/10
  7387 | D:8      | Noticed a gargoyle
  7399 | D:8      | Killed a gargoyle
  7399 | D:8      | Reached skill level 13 in Maces & Flails
  7549 | D:8      | Acquired Makhleb's fourth power
  7800 | D:9      | Found a glowing silver altar of Zin.
  7863 | D:9      | Noticed Erolcha
  8205 | D:9      | Acquired Makhleb's fifth power
  8527 | D:9      | Found a staircase to the Lair.
  8827 | D:9      | Killed Erolcha
  9072 | D:10     | Entered Level 10 of the Dungeon
  9170 | D:10     | Noticed a hill giant
  9177 | D:10     | Killed a hill giant
  9258 | D:10     | Noticed a hill giant
  9270 | D:10     | Killed a hill giant
  9270 | D:10     | Reached skill level 10 in Fighting
  9270 | D:10     | Reached XP level 11. HP: 76/79 MP: 11/11
  9660 | D:11     | Noticed a hill giant
  9673 | D:11     | Killed a hill giant
  9691 | D:11     | Noticed Psyche
  9707 | D:11     | Killed Psyche
  9792 | D:11     | Reached skill level 14 in Maces & Flails
 10011 | D:11     | Noticed an unseen horror
 10030 | D:11     | Killed an unseen horror
 10440 | D:11     | Noticed a four-headed hydra
 10455 | D:11     | Killed a four-headed hydra
 11136 | Lair:1   | Entered Level 1 of the Lair of Beasts
 11142 | Lair:1   | Reached skill level 5 in Armour
 11187 | Lair:1   | Reached XP level 12. HP: 85/89 MP: 12/12
 11478 | Lair:1   | Reached skill level 1 in Invocations
 11968 | Lair:1   | Identified a scroll of acquirement
 11971 | Lair:1   | Got an ancient eveningstar
 11972 | Lair:1   | Identified the +4 eveningstar of Agony {crush, MR+} (You acquired it on level 1 of the Lair of Beasts)
 12081 | Lair:2   | Noticed a four-headed hydra
 12093 | Lair:2   | Killed a four-headed hydra
 12111 | Lair:2   | Noticed a six-headed hydra
 12123 | Lair:2   | Killed a six-headed hydra
 12488 | Lair:2   | Got an iridescent flail
 12491 | Lair:2   | Identified the cursed +3 flail "Bramunur" {crush, *Tele rC++ Str+2 Stlth+} (You found it on level 2 of the Lair of Beasts)
 12727 | Lair:2   | Noticed an eight-headed hydra
 12738 | Lair:2   | Killed an eight-headed hydra
 13366 | Lair:3   | Reached skill level 10 in Armour
 13366 | Lair:3   | Reached skill level 5 in Invocations
 14051 | Lair:4   | Reached XP level 13. HP: 94/94 MP: 22/22
 14348 | Lair:4   | Found a blossoming altar of Fedhas.
 14468 | Lair:4   | Found a hole to the Spider Nest.
 14965 | Lair:4   | Found a staircase to the Shoals.
 15733 | Lair:5   | Found a snail-covered altar of Cheibriados.
 16299 | Lair:6   | Found a staircase to the Slime Pits.
 16299 | Lair:6   | Found a viscous altar of Jiyva.
 17555 | Lair:7   | Gained mutation: Your wings are large and strong. [gargoyle growth]
 17555 | Lair:7   | Reached XP level 14. HP: 100/103 MP: 25/27
 18298 | Lair:8   | Entered Level 8 of the Lair of Beasts
 18327 | Lair:8   | Reached skill level 10 in Invocations
 18814 | Lair:8   | Noticed Kenran's ghost (powerful GrMo)
 18835 | Lair:8   | Killed Kenran's ghost
 18835 | Lair:8   | Reached skill level 15 in Maces & Flails
 20585 | D:12     | Noticed Erica
 20588 | D:12     | Found a white marble altar of Elyvilon.
 20596 | D:12     | Killed Erica
 20666 | D:12     | Reached skill level 15 in Fighting
 20820 | D:12     | Found a staircase to the Orcish Mines.
 20910 | D:12     | Reached XP level 15. HP: 113/113 MP: 28/28
 21098 | D:12     | Got a slimy cloak
 21099 | D:12     | Identified the cursed -6 cloak of Clifoimm {rPois} (You found it on level 12 of the Dungeon)
 21227 | D:12     | Reached skill level 16 in Maces & Flails
 21331 | Orc:1    | Entered Level 1 of the Orcish Mines
 21370 | Orc:1    | Found an iron altar of Okawaru.
 21979 | Orc:1    | Found a roughly hewn altar of Beogh.
 22248 | Orc:3    | Noticed Gastronok
 22271 | Orc:3    | Killed Gastronok
 22343 | Orc:3    | Found a staircase to the Elven Halls.
 23045 | Orc:4    | Entered Level 4 of the Orcish Mines
 23049 | Orc:4    | Noticed Snorg
 23083 | Orc:4    | Killed Snorg
 23267 | Orc:4    | Gained mutation: You are weak. (Str -2) [a neqoxec]
 23348 | Orc:4    | Found a roughly hewn altar of Beogh.
 23368 | Orc:4    | Found Ghuabir's General Store.
 23418 | Orc:4    | Found Odon's Antique Weapon Shop.
 23446 | Orc:4    | Found Throrphich's Jewellery Shop.
 23485 | Orc:4    | Found a labyrinth entrance.
 23498 | Lab      | Entered a labyrinth
 23822 | Orc:4    | Found Hojor's Antique Armour Shop.
 24742 | D:13     | Noticed Urug
 24755 | D:13     | Killed Urug
 25571 | D:14     | Found a gate to the Vaults.
 25571 | D:14     | Noticed Donald
 25571 | D:14     | Noticed Rupert
 25571 | D:14     | Noticed Norris
 26037 | D:14     | Reached skill level 17 in Maces & Flails
 26050 | D:14     | Killed Donald
 26254 | D:14     | Reached XP level 16. HP: 123/123 MP: 29/29
 26667 | D:14     | Paralysed by Norris for 3 turns
 26673 | D:14     | Killed Norris
 26938 | D:15     | Entered Level 15 of the Dungeon
 27309 | D:15     | Noticed Josephine
 27318 | D:15     | Killed Josephine
 27479 | D:15     | Reached skill level 18 in Maces & Flails
 27537 | D:15     | Found a staircase to the Depths.
 28134 | Spider:1 | Entered Level 1 of the Spider Nest
 28461 | Spider:1 | Got a transparent chain mail
 28996 | Spider:2 | Reached skill level 19 in Maces & Flails
 29091 | Spider:2 | Noticed Louise
 29121 | Spider:2 | Killed Louise
 30125 | Spider:3 | Reached XP level 17. HP: 127/127 MP: 30/30
 30324 | Spider:3 | Identified the +0 chain mail "Keah" {rF+} (You found it on level 1 of the Spider Nest)
 30944 | Spider:4 | Reached skill level 20 in Maces & Flails
 31175 | Spider:4 | Noticed haldagan's ghost (mighty FoFi)
 31219 | Spider:4 | Killed haldagan's ghost
 31602 | Spider:5 | Entered Level 5 of the Spider Nest
 32871 | Spider:5 | Got a gossamer rune of Zot
 32876 | Spider:5 | Reached skill level 15 in Armour
 33625 | Shoals:1 | Entered Level 1 of the Shoals
 33711 | Shoals:1 | Reached XP level 18. HP: 114/136 MP: 31/31
 33732 | Shoals:1 | Found Qes Muh's Antique Weapon Shoppe.
 34167 | Shoals:1 | Noticed Kirke
 34212 | Shoals:1 | Killed Kirke
 35526 | Shoals:3 | HP: 3/137 [merfolk aquamancer/shard of ice (25)]
 35528 | Shoals:3 | Killed from afar by a merfolk aquamancer

Action                   |  1- 3 |  4- 6 |  7- 9 | 10-12 | 13-15 | 16-18 || total
-------------------------+-------+-------+-------+-------+-------+-------++-------
Melee: Flail             |   127 |   136 |   625 |   153 |       |       ||  1041
       Dire flail        |       |       |       |   591 |       |       ||   591
       Eveningstar       |       |       |       |   186 |  1918 |  1579 ||  3683
Invok: Greater Servant o |       |       |       |       |     3 |     3 ||     6
 Abil: Fly               |       |       |       |       |     1 |       ||     1
Evoke: Wand              |       |       |       |       |     8 |     1 ||     9
  Use: Scroll            |     7 |       |    13 |    18 |    13 |    19 ||    70
       Potion            |       |     1 |     7 |       |     4 |     7 ||    19
 Stab: Distracted        |       |       |       |       |     1 |     1 ||     2
